 Dungeon Crawl Stone Soup version 0.17.1-2-g5865329 (webtiles) character file.

1108617 Miyamura the Alchemist (level 27, -3/283 (286) HPs)
             Began as a Troll Hunter on Jan 16, 2016.
             Was the Champion of Cheibriados.
             Slain by a reaper
             ... wielding a +0 scythe of venom
              (17 damage)
             ... in Pandemonium on Jan 17, 2016.
             The game lasted 09:36:36 (138106 turns).

Miyamura the Alchemist (Troll Hunter)             Turns: 138106, Time: 09:36:36

HP:   -3/283 (286)  AC: 38    Str: 50    XL:     27
MP:   33/37         EV:  1    Int: 42    God:    Cheibriados [******]
Gold: 8847          SH:  0    Dex: 26    Spells: 9 memorised, 2 levels left

rFire  + + .     SeeInvis +     a - +9 morningstar "Reonen" {freeze, Int+10}
rCold  + + .     Clarity  .     B - +7 swamp dragon armour
rNeg   + + +     SustAt   +     o - +7 large shield
rPois  ∞         Gourm    +     R - +1 hat of Xuucopub {rPois rF+ rC+ Str-2}
rElec  +         Spirit   .     U - +2 cloak of Fedhas's Pride {rElec MR+}
rCorr  .         Warding  +     (gloves unavailable)
rMut   .         Stasis   .     (boots unavailable)
MR     ++++.                    M - brooch of Shielding {Ward rN+ AC+4 EV+4}
Stlth  +.........               f - ring of sustain attributes
                                x - ring of Henotheism {rF+ Str+3 Int+3 SInv}

@: mighty, about to teleport, lich-form, petrified, portal projectile, slowed,
repel missiles, very slow, incredibly resistant to hostile enchantments, very
unstealthy
A: unfitting armour, claws 3, rugged brown scales 1, fast metabolism 3,
gourmand, regeneration 2, shaggy fur 1, tough skin 2
a: End Transformation, Bend Time, Temporal Distortion, Slouch, Step From Time,
Renounce Religion
}: 8/15 runes: decaying, slimy, silver, golden, abyssal, glowing, magical,
gossamer


You were in Pandemonium.
You worshipped Cheibriados.
Cheibriados was exalted by your worship.
You were not hungry.
You were a lich.
You visited 13 branches of the dungeon, and saw 66 of its levels.
You visited Pandemonium 2 times, and saw 17 of its levels.
You visited the Abyss 4 times.
You visited 1 bazaar.
You visited 1 ziggurat, and saw 12 of its levels.
You also visited: Sewer, Ossuary, Ice Cave and Volcano.

You collected 15515 gold pieces.
You spent 6138 gold pieces at shops.

Inventory:

Hand Weapons
 a - the +9 morningstar "Reonen" (weapon) {freeze, Int+10}
   (Okawaru gifted it to you on level 4 of the Lair of Beasts)

   It has been specially enchanted to freeze those struck by it, causing extra
   injury to most foes and up to half again as much damage against particularly
   susceptible opponents.
   It can also slow down cold-blooded creatures.
   It affects your intelligence (+10).
 H - the +8 flail of Amorality {elec, rF+ rC+}
   (Okawaru gifted it to you on level 2 of the Elven Halls)

   Occasionally, upon striking a foe, it will discharge some electrical energy
   and cause terrible harm.
   It protects you from fire.
   It protects you from cold.
Missiles
 d - 6 throwing nets
 l - 127 large rocks (quivered)
Armour
 o - a +7 large shield (worn)
 B - a +7 swamp dragon armour (worn)
 R - the +1 hat of Xuucopub (worn) {rPois rF+ rC+ Str-2}
   (You acquired it in Pandemonium)

   It affects your strength (-2).
   It protects you from fire.
   It protects you from cold.
   It protects you from poison.
 U - the +2 cloak of Fedhas's Pride (worn) {rElec MR+}
   (You acquired it in a bazaar)

   It insulates you from electricity.
   It affects your resistance to hostile enchantments.
Jewellery
 f - a ring of sustain attributes (right claw)
 h - the ring "Gienkung" {rPois rC+ Str+3}
   (You took it off an infernal demonspawn in Pandemonium)

   [ring of poison resistance]

   It affects your strength (+3).
   It protects you from cold.
   It protects you from poison.
 m - an uncursed ring of protection from magic
 u - an uncursed amulet of clarity
 x - the ring of Henotheism (left claw) {rF+ Str+3 Int+3 SInv}
   (You took it off a guardian mummy on level 2 of the Tomb of the Ancients)

   [ring of strength]

   It affects your strength (+3).
   It affects your intelligence (+3).
   It protects you from fire.
   It lets you see invisible.
 D - an uncursed amulet of resist corrosion
 M - the brooch of Shielding (around neck) {Ward rN+ AC+4 EV+4}
   (You found it on level 3 of the Tomb of the Ancients)

   [amulet of warding]

   It may prevent the melee attacks of summoned creatures.
   It affects your AC (+4).
   It affects your evasion (+4).
   It protects you from negative energy.
 W - the ring of Nopa {+Fly rF+ rN+ Str+3 Dex+2}
   (You took it off a deep elf demonologist on level 3 of the Elven Halls)

   [ring of protection from fire]

   It affects your strength (+3).
   It affects your dexterity (+2).
   It protects you from fire.
   It protects you from negative energy.
   It lets you fly.
Wands
 c - a wand of digging (14)
 y - a wand of teleportation (6)
 N - a wand of heal wounds (6)
 S - a wand of teleportation (3)
Scrolls
 g - a scroll of amnesia
 i - 18 scrolls of fog
 n - 2 scrolls of enchant armour
 q - 3 scrolls of magic mapping
 s - 50 scrolls of remove curse
 z - 14 scrolls of fear
 I - 13 scrolls of teleportation
 T - 8 scrolls of blinking
 X - 7 scrolls of recharging
 Y - 8 scrolls of identify
 Z - 2 scrolls of summoning
Potions
 k - 4 potions of resistance
 r - 17 potions of curing
 v - 9 potions of heal wounds
 w - 3 potions of cancellation
 A - 13 potions of flight
 C - 4 potions of lignification
 F - 7 potions of might
 G - a potion of cure mutation
 L - 2 potions of magic
 O - 3 potions of agility
 Q - 14 potions of brilliance
Miscellaneous
 b - a fan of gales
 j - a disc of storms
 t - a sack of spiders {used: 1}
 J - 2 phantom mirrors
 K - a phial of floods
 P - a legendary deck of summoning {Water}
Comestibles
 e - 46 bread rations


   Skills:
 - Level 17.1 Fighting
 - Level 17.9 Maces & Flails
 - Level 16.6 Throwing
 - Level 16.5 Armour
 - Level 14.1 Dodging
 - Level 0.4 Stealth
 - Level 19.4 Shields
 - Level 11.4 Spellcasting
 - Level 19.8 Necromancy
 + Level 17.3 Translocations
 - Level 20.6 Transmutations
 - Level 12.8 Air Magic
 - Level 12.5 Earth Magic
 - Level 12.0 Invocations
 - Level 10.2 Evocations


You had 2 spell levels left.
You knew the following spells:

 Your Spells              Type           Power        Failure   Level  Hunger
b - Blink                 Tloc           N/A          0%          2    N/A
c - Controlled Blink      Tloc           N/A          10%         8    N/A
f - Statue Form           Trmt/Erth      ########.    1%          6    N/A
n - Necromutation         Trmt/Necr      ########..   2%          8    N/A
p - Portal Projectile     Tloc           ######       0%          3    N/A
r - Regeneration          Chrm/Necr      ########..   1%          3    N/A
t - Tornado               Air            #######...   100%        9    N/A
P - Phase Shift           Tloc           ########..   1%          5    N/A
R - Repel Missiles        Chrm/Air       ######       1%          2    N/A

Dungeon Overview and Level Annotations

Branches:
Dungeon (15/15)            Temple (1/1) D:6            Lair (8/8) D:11
  Swamp (4/4) Lair:3       Spider (4/4) Lair:3        Slime (6/6) Lair:8
    Orc (4/4) D:9             Elf (3/3) Orc:4        Vaults (5/5) D:14
  Crypt (3/3) Vaults:2       Tomb (3/3) Crypt:3      Depths (5/5) D:15
    Zot (5/5) Depths:5

Altars:
Ashenzari
Cheibriados
Dithmenos
Elyvilon
Fedhas
Gozag
Kikubaaqudgha
Makhleb
Nemelex Xobeh
Okawaru
Qazlal
Ru
Sif Muna
Trog
Vehumet
Xom
Yredelemnul
Zin
The Shining One
Beogh

Shops:
D:7 (   D:8 ?   D:13 }   Orc:4 (*(   Vaults:2 }   Vaults:3 %(   Vaults:5 [
Depths:2 [   Depths:4 }[*

Portals:
Hell: Depths:1 Depths:2 Depths:3 Depths:4 Depths:5
Abyss: Depths:1 Depths:4 Depths:5
Pandemonium: Depths:1 Depths:2 Depths:3 Depths:4
Ziggurat: Depths:1

Annotations:
Lair:2 exclusion: oklob plant


Innate Abilities, Weirdness & Mutations

You are too large for most types of armour.
You have claws for hands.
Your metabolism is lightning-fast.
You like to eat raw meat.
You heal very quickly.
You are covered in fur (AC +1).
You have very tough skin (AC +2).
You are partially covered in rugged brown scales (AC +1, +3% HP).


Message History

The torpor snail disappears in a puff of smoke!
The monstrous chaos champion is engulfed in calcifying dust. x2
The reaper hits you but does no damage.
The purple draconian scorcher points at you and mumbles some strange words.
The bolt of magma misses you.
The infernal demonspawn is engulfed in calcifying dust.
The infernal demonspawn is moving more slowly.
The monstrous chaos champion is engulfed in calcifying dust.
The red draconian zealot invokes the aid of its god against you.
The hellfire explodes!
The burst of hellfire engulfs you!
* * * LOW HITPOINT WARNING * * *
You have turned to stone.
The torpor snail disappears in a puff of smoke!
The reaper hits you from afar with a vampiric scythe!!!
* * * LOW HITPOINT WARNING * * *
The purple draconian scorcher casts a spell at you.
The fireball explodes!
The fireball engulfs you! You resist.
* * * LOW HITPOINT WARNING * * *
The reaper hits you from afar with a scythe of venom!!
You die...

..........########
...........#
#..######..# #..# #..#
#..# #..#
######..######w.#####
.........6Y664........
.........2Y[66§.......
.......L.2qY[....####.
.........q.2.....#
..........q......#
.................#
......∩..........#
.................#
.................#
...............


You could see a dire elephant, a monstrous chaos champion (petrified), 2
demonspawn, a red draconian zealot, 2 draconians, 2 catoblepae, 2 reapers, a
blizzard demon, a torpor snail, a gelid demonspawn, an infernal demonspawn
(petrifying) and an orange demon.

Vanquished Creatures
  the royal jelly (Slime:6)
  Ignacio (Pan)
  Mnoleg (Pan)
  Lom Lobon (Pan)
  Khufu (Tomb:2)
  10 ancient liches
  3 orbs of fire (Zot:5)
  13 pandemonium lords (Pan)
  30 greater mummies
  Margery (Vaults:3)
  Norris (Elf:2)
  Saint Roka (Crypt:3)
  4 Killer Klowns
  2 curse toes
  4 caustic shrikes (Depths:3)
  Xtahua (Depths:4)
  A profane servitor (Abyss:5)
  19 golden dragons
  6 Brimstone Fiends (Pan)
  4 bone dragons
  17 liches
  2 electric golems (Zot:5)
  The ghost of Charly the Severer, an adept DDGl of Makhleb (Pan)
  5 Hell Sentinels
  4 hellephants
  22 tentacled monstrosities
  Asterion (Spider:2)
  13 Ice Fiends (Pan)
  3 deep elf blademasters
  25 Orb Guardians (Zot:5)
  2 quicksilver dragons
  18 acid blobs
  6 Shadow Fiends (Pan)
  2 deep elf master archers (Elf:3)
  15 titans
  30 tentacled starspawn
  The ghost of Charly the Executioner, an adept DDGl of Makhleb (Vaults:5)
  7 Executioners
  6 ancient champions
  13 death cobs
  An octopode crusher (Depths:4)
  6 thorn hunters
  An eldritch tentacle (Pan)
  Gastronok (Orc:2)
  20 sphinxes
  10 tengu reavers
  12 shadow dragons
  16 storm dragons
  Kirke (D:13)
  6 greater nagas
  2 draconian monks (Zot:3)
  5 revenants
  Wiglaf (Vaults:2)
  9 azure jellies
  17 vault wardens
  Donald (Swamp:3)
  14 frost giants
  Maud (D:10)
  14 deep elf sorcerers
  13 fire giants
  4 emperor scorpions
  6 draconian knights
  7 draconian scorchers
  5 orc warlords
  Louise (Spider:3)
  17 warmongers (Pan)
  35 cacodemons
  4 iron dragons
  2 curse skulls
  3 draconian zealots
  25 very ugly things
  20 balrugs
  6 ghouls
  27 ironheart preservers
  5 angels
  3 draconian shifters
  8 ghost moths
  20 reapers
  13 draconian annihilators
  3 spriggan defenders
  8 war gargoyles
  The ghost of Gargoyl the Unseen, an adept SpEn of Dithmenos (Elf:2)
  37 stone giants
  An ophan (Abyss:4)
  8 deep elf demonologists
  2 draconian callers
  12 lorocyprocas
  2 bennus (Tomb:1)
  11 blood saints (Pan)
  12 white draconians
  6 purple draconians
  19 deep elf annihilators
  6 green draconians
  A dire elephant (Lair:8)
  9 black draconians
  4 salamander stormcallers
  7 mottled draconians
  8 yellow draconians
  8 corrupters (Pan)
  14 red draconians
  15 ettins
  3 vampire knights
  9 death oozes
  23 chaos champions (Pan)
  28 blizzard demons
  15 black suns (Pan)
  7 eidola
  39 vault guards
  8 deep elf death magi
  28 mummy priests
  A minotaur (shapeshifter) (Depths:3)
  25 green deaths
  8 deep elf high priests
  Josephine (D:11)
  26 great orbs of eyes
  8 rakshasas
  12 entropy weavers
  34 fire dragons
  Harold (D:11)
  18 ogre magi
  8 spriggan air magi
  3 naga warriors (Zig:10)
  16 yaktaur captains
  13 centaur warriors
  2 hydras (shapeshifter) (Depths:2)
  2 ghost crabs
  17 monstrous demonspawn (Pan)
  4 quicksilver dragon skeletons
  3 catoblepae
  A death knight (Abyss:2)
  26 ice dragons
  A ghost crab (shapeshifter) (Vaults:3)
  28 hydras
  10 hell beasts
  2 anacondas
  6 vampire magi
  13 alligators
  16 deep troll earth magi
  19 dancing weapons
  14 deep troll shamans
  A death yak (shapeshifter) (Depths:3)
  4 tengu warriors
  9 hell hogs
  16 death yaks
  2 titan zombies
  Urug (Lair:2)
  15 deep elf knights
  22 hell knights
  6 orc high priests
  3 shock serpents (Pan)
  10 iron trolls
  15 spriggan berserkers
  2 naga sharpshooters
  33 soul eaters
  47 sun demons
  28 thrashing horrors
  A fire crab (Vaults:3)
  2 titan skeletons
  26 wretched stars
  2 death drakes
  47 skeletal warriors
  46 ice devils
  64 small abominations
  45 deep trolls
  11 infernal demonspawn (Pan)
  9 spatial maelstroms
  4 shadow wraiths
  34 death scarabs
  24 anubis guards
  14 giant orange brains
  A golden dragon zombie (Zig:4)
  6 unseen horrors
  A storm dragon skeleton (Crypt:1)
  5 spriggan druids
  8 hill giants
  11 swamp dragons
  2 shambling mangroves (Swamp:3)
  3 naga ritualists
  A death drake (shapeshifter) (Vaults:4)
  7 deep elf summoners
  16 shadow demons (Pan)
  10 flayed ghosts
  15 gelid demonspawn
  An obsidian statue (Zig:5)
  An orange crystal statue (Vaults:2)
  22 putrid demonspawn (Pan)
  21 ironbrand convokers
  18 torturous demonspawn (Pan)
  3 mana vipers (shapeshifter)
  A hill giant (shapeshifter) (Vaults:4)
  3 golden dragon skeletons
  11 griffons
  21 wizards
  An orb spider (shapeshifter) (Vaults:3)
  19 orb spiders
  4 anaconda skeletons
  10 phantasmal warriors
  A sphinx zombie (Zig:7)
  9 necromancers
  An oklob plant (Lair:6)
  A wolf spider zombie (Abyss:4)
  10 deep elf conjurers
  5 shining eyes
  15 harpies
  21 wolf spiders
  10 orc knights
  2 cyclopes
  33 moths of wrath
  3 salamanders (shapeshifter)
  A harpy (shapeshifter) (Abyss:2)
  2 stone giant zombies
  A lindwurm (Volcano)
  3 frost giant zombies
  8 orc sorcerers
  3 manticores
  6 mana vipers
  2 fire giant zombies
  78 ugly things
  A hornet (shapeshifter) (Vaults:4)
  17 hornets
  46 sixfirhies
  15 black mambas
  32 elephants
  2 spriggan zombies (Zig:7)
  12 worldbinders
  46 orange demons
  2 iron dragon skeletons
  13 spiny frogs
  7 eyes of devastation
  2 fire giant skeletons
  3 molten gargoyles (Volcano)
  5 rust devils
  An ice statue (IceCv)
  2 frost giant skeletons
  16 vault sentinels
  3 guardian serpents
  Psyche (D:8)
  5 naga magi
  3 torpor snails
  5 gargoyles
  3 apocalypse crabs
  64 yaktaurs
  A shock serpent skeleton (Crypt:1)
  An emperor scorpion zombie (Crypt:2)
  A spiny frog (shapeshifter) (Depths:3)
  An elf skeleton (Zig:7)
  A yaktaur (shapeshifter) (D:15)
  8 hellions
  13 komodo dragons
  3 kobold demonologists
  110 smoke demons
  12 efreet
  A golden dragon simulacrum (Abyss:5)
  14 tormentors
  2 komodo dragons (shapeshifter)
  38 red devils
  An alligator snapping turtle skeleton (Crypt:1)
  26 jumping spiders
  14 deep elf priests
  44 guardian mummies
  A grey draconian skeleton (Crypt:1)
  33 ancient zymes
  7 trolls
  24 freezing wraiths
  37 hellwings
  54 demonic crawlers
  2 fire drakes
  2 silent spectres (Abyss:4)
  29 two-headed ogres
  A two-headed ogre (shapeshifter) (Vaults:4)
  3 polar bears
  A queen bee (shapeshifter) (Vaults:4)
  2 tengu conjurers
  4 blue devils
  Prince Ribbit (D:8)
  127 slime creatures
  2 frost giant simulacra
  3 hydra skeletons
  4 giant leeches
  70 raiju
  23 ushabtiu
  8 blink frogs
  A hornet zombie (D:15)
  A stone giant simulacrum (Abyss:5)
  2 ettin zombies
  124 large abominations
  2 flying skulls
  14 bog bodies
  10 boulder beetles
  An iron dragon simulacrum (Crypt:1)
  28 trapdoor spiders
  66 ynoxinuls
  22 tarantellas
  A tarantella (shapeshifter) (D:13)
  48 yaks
  A fire dragon skeleton (Crypt:3)
  8 shadows
  2 ice dragon skeletons
  6 spriggans
  25 golden eyes
  7 vampires
  63 redbacks
  3 fire bats (Abyss:1)
  2 hogs (D:13)
  21 wraiths
  2 basilisks
  A golden eye (shapeshifter) (Abyss:2)
  17 water elementals
  A wyvern (Lair:7)
  A wyvern (shapeshifter) (Vaults:5)
  3 air elementals (Depths:5)
  44 deep elf fighters
  33 deep elf magi
  2 mottled dragons
  9 fire elementals
  A black mamba skeleton (Tomb:3)
  A steam dragon (Lair:8)
  31 wolves
  8 hungry ghosts
  A yaktaur simulacrum (Vaults:5)
  A basilisk (shapeshifter) (Vaults:2)
  96 neqoxecs
  A hippogriff (shapeshifter) (Depths:4)
  12 hippogriffs
  30 vampire mosquitoes
  A death yak simulacrum (IceCv)
  15 water moccasins
  3 nagas
  5 spatial vortices
  77 chaos spawn
  2 soldier ants
  6 wargs
  19 hell hounds
  36 insubstantial wisps
  A gelid demonspawn zombie (Crypt:1)
  24 swamp worms
  2 necrophages
  A spider (shapeshifter) (Depths:3)
  9 porcupines
  Purgy (Sewer)
  14 swamp drakes
  15 wasps
  28 spiders
  18 ice beasts
  48 orc warriors
  11 eyes of draining
  4 sky beasts
  2 black bears
  A wasp (shapeshifter) (Abyss:1)
  60 ogres
  168 starcursed masses
  A swamp dragon zombie (Abyss:4)
  A blink frog zombie (Crypt:2)
  15 crocodiles
  A tengu (shapeshifter) (Vaults:3)
  23 centaurs
  An ettin simulacrum (Abyss:2)
  4 boggarts
  2 snapping turtle skeletons
  2 brain worms (shapeshifter)
  5 big kobolds
  5 brain worms
  2 earth elementals (Abyss:4)
  A glowing shapeshifter simulacrum (Vaults:3)
  A komodo dragon zombie (Crypt:2)
  A vine stalker skeleton (Crypt:2)
  23 giant frogs
  6 water moccasin zombies (Ossuary)
  A spiny frog simulacrum (Tomb:2)
  A big kobold (shapeshifter) (Depths:2)
  A water moccasin skeleton (D:6)
  An elephant simulacrum (IceCv)
  2 wyvern skeletons
  4 scorpions
  10 killer bees
  A spriggan skeleton (Crypt:3)
  7 electric eels
  7 crimson imps
  6 centaur zombies
  11 quasits
  27 wights
  4 giant frog zombies
  8 centaur skeletons
  45 orc wizards
  Crazy Yiuf (D:5)
  A human zombie (Crypt:1)
  Ijyb (D:2)
  A demonspawn skeleton (Crypt:2)
  48 orc priests
  13 iguanas
  4 iron imps
  25 jellies
  4 draconian simulacra (IceCv)
  7 giant frog skeletons
  3 human skeletons (Crypt:1)
  12 worker ants
  Terence (D:2)
  4 spriggan simulacra (IceCv)
  3 hounds
  2 wolf simulacra (IceCv)
  7 lightning spires
  3 troll simulacra (IceCv)
  5 centaur simulacra
  A big kobold zombie (Ossuary)
  A killer bee zombie (D:8)
  14 sheep
  A tengu zombie (Tomb:3)
  An ogre zombie (Abyss:2)
  2 ogre skeletons
  A hound skeleton (D:9)
  73 mummies
  2 worker ant zombies
  Robin (D:2)
  3 naga simulacra (IceCv)
  20 adders
  A river rat (shapeshifter) (Depths:1)
  64 river rats
  5 shadow imps
  3 ogre simulacra (IceCv)
  4 ufetubi
  20 white imps
  3 oozes
  A sheep zombie (Crypt:1)
  2 adder skeletons
  7 adder zombies
  An iguana skeleton (Crypt:1)
  A lava snake skeleton (Crypt:2)
  3 worms
  5 giant geckos
  231 orcs
  4 ball pythons
  11 giant cockroaches
  2 gnoll zombies (Ossuary)
  17 goblins
  5 hobgoblins
  8 jackals
  3 quokkas
  10 bats
  5 giant newts
  A gnoll skeleton (Crypt:2)
  A goblin skeleton (Crypt:2)
  10 hobgoblin zombies (Ossuary)
  30 kobolds
  3 kobold zombies (Ossuary)
  4 orc zombies (Ossuary)
  14 rats
  3 briar patches
  2 crawling corpses (Elf:3)
  4 fire vortices
  2 lost souls
  3 lurking horrors
  A plant (Crypt:3)
  40 starspawn tentacles
  2 starspawn tentacle segments (Abyss:3)
5722 creatures vanquished.

Vanquished Creatures (collateral kills)
  A yaktaur captain (Vaults:4)
  A thrashing horror (Abyss:5)
  A deep troll (Depths:3)
  A vault sentinel (Vaults:4)
  A chaos spawn (Abyss:3)
  A vampire mosquito (D:7)
  2 starcursed masses
8 creatures vanquished.

Vanquished Creatures (others)
  A pandemonium lord (Pan)
  Nikola (Elf:2)
  A fire giant (Depths:4)
  A draconian scorcher (Zot:5)
  An ironheart preserver (Vaults:4)
  A blood saint (Pan)
  A lorocyproca (Pan)
  3 blizzard demons
  A green death (Pan)
  A vault guard (Vaults:4)
  2 deep elf high priests
  A deep elf knight (Abyss:3)
  A soul eater (Pan)
  A wizard (Depths:2)
  7 ball lightnings (Pan)
  An infernal demonspawn (Pan)
  2 shadow demons (Pan)
  12 death scarabs (Tomb:2)
  An orb spider (Spider:4)
  A deep elf conjurer (Zot:3)
  A moth of wrath (Zot:5)
  A smoke demon (Pan)
  2 guardian mummies (Tomb:2)
  2 raiju (Abyss:4)
  An ushabti (Tomb:3)
  A redback (Depths:4)
  11 flying skulls (Tomb:2)
  A golden eye (Abyss:2)
  A water elemental (Depths:4)
  A trapdoor spider (Spider:4)
  A human (D:13)
  A fire bat (Abyss:4)
  A spatial vortex (Abyss:4)
  3 deep elf fighters
  2 neqoxecs (Pan)
  An insubstantial wisp (Abyss:2)
  A warg (Crypt:3)
  3 chaos spawn
  An eye of draining (shapeshifter) (Abyss:2)
  An ogre (Vaults:4)
  A brain worm (shapeshifter) (Abyss:4)
  4 small abominations
  2 wights
  An orc priest (Orc:4)
  A jelly (Slime:6)
  An orc wizard (Vaults:2)
  An iguana (Lair:4)
  A worker ant (D:13)
  A mummy (Tomb:1)
  3 orcs
  10 briar patches
  45 eldritch tentacle segments (Pan)
  3 fire vortices
  A fulminant prism (Pan)
  13 fungi
  6 lost souls
  3 lurking horrors
  34 plants
  48 starspawn tentacles
  812 starspawn tentacle segments
1069 creatures vanquished.

Grand Total: 6799 creatures vanquished

Notes
Turn   | Place    | Note
--------------------------------------------------------------
     0 | D:1      | Miyamura the Troll Hunter began the quest for the Orb.
     0 | D:1      | Reached XP level 1. HP: 19/19 MP: 0/0
   171 | D:1      | Reached XP level 2. HP: 23/28 MP: 1/1
   542 | D:2      | Noticed Robin
   550 | D:2      | Reached XP level 3. HP: 33/35 MP: 2/2
   574 | D:2      | Killed Robin
   580 | D:2      | Reached skill level 4 in Throwing
   679 | D:2      | Reached skill level 1 in Maces & Flails
   716 | D:2      | Noticed Terence
   724 | D:2      | Killed Terence
   724 | D:2      | Reached XP level 4. HP: 25/42 MP: 3/3
  1490 | D:2      | Noticed Ijyb
  1505 | D:2      | Killed Ijyb
  1505 | D:2      | Reached XP level 5. HP: 26/50 MP: 4/4
  1585 | D:2      | Gained mutation: You are weak. (Str -2) [potion of mutation]
  1585 | D:2      | Gained mutation: You are robust (+10% HP). [potion of mutation]
  1589 | D:2      | Lost mutation: You are weak. (Str -2) [potion of cure mutation]
  1589 | D:2      | Lost mutation: You are robust (+10% HP). [potion of cure mutation]
  1879 | D:3      | Noticed a soldier ant
  1966 | D:3      | Found a glowing drain.
  1980 | Sewer    | Entered a sewer
  1999 | Sewer    | Noticed Purgy
  2006 | Sewer    | Killed Purgy
  2006 | Sewer    | Reached XP level 6. HP: 48/59 MP: 5/5
  2919 | D:4      | Reached skill level 5 in Throwing
  2981 | D:4      | Reached skill level 1 in Shields
  2981 | D:4      | Reached XP level 7. HP: 24/67 MP: 6/6
  3353 | D:5      | Entered Level 5 of the Dungeon
  3504 | D:5      | Noticed Crazy Yiuf
  3512 | D:5      | Killed Crazy Yiuf
  3597 | D:5      | Gained mutation: Scrolls take you a little longer to read. [mutagenic meat]
  3598 | D:5      | Gained mutation: You are surrounded by a mild repulsion field (EV +2). [mutagenic meat]
  3599 | D:5      | Gained mutation: You have large cloven feet. [mutagenic meat]
  3601 | D:5      | Gained mutation: You are occasionally teleported next to monsters. [mutagenic meat]
  3602 | D:5      | Gained mutation: You are robust (+10% HP). [mutagenic meat]
  3679 | D:5      | Lost mutation: You have large cloven feet. [potion of cure mutation]
  3679 | D:5      | Lost mutation: You are robust (+10% HP). [potion of cure mutation]
  3679 | D:5      | Lost mutation: Scrolls take you a little longer to read. [potion of cure mutation]
  3679 | D:5      | Lost mutation: You are occasionally teleported next to monsters. [potion of cure mutation]
  3921 | D:5      | Gained mutation: You are clumsy. (Dex -2) [potion of mutation]
  3921 | D:5      | Gained mutation: Your flesh is cold resistant. [potion of mutation]
  3921 | D:5      | Lost mutation: You are clumsy. (Dex -2) [potion of mutation]
  3932 | D:5      | Found a glowing golden altar of the Shining One.
  4192 | D:6      | Reached XP level 8. HP: 66/78 MP: 7/7
  4214 | D:6      | Gained mutation: You are clumsy. (Dex -2) [potion of mutation]
  4214 | D:6      | Gained mutation: Your body sometimes deteriorates upon taking damage. [potion of mutation]
  4222 | D:6      | Found a sand-covered staircase.
  4229 | Ossuary  | Entered an ossuary
  4427 | Ossuary  | Reached skill level 6 in Throwing
  4504 | Ossuary  | Lost mutation: You are clumsy. (Dex -2) [potion of mutation]
  4504 | Ossuary  | Gained mutation: You evolve. [potion of mutation]
  4954 | D:6      | Reached skill level 5 in Fighting
  4954 | D:6      | Reached skill level 1 in Evocations
  5382 | D:6      | Reached XP level 9. HP: 88/88 MP: 8/8
  5445 | D:6      | Found a staircase to the Ecumenical Temple.
  5451 | Temple   | Entered the Ecumenical Temple
  5555 | Temple   | Became a worshipper of Warmaster Okawaru
  5813 | D:7      | Reached skill level 1 in Invocations
  6037 | D:7      | Reached skill level 5 in Maces & Flails
  6104 | D:7      | Gained mutation: You are partially covered in molten scales (AC +1). [mutagenic meat]
  6105 | D:7      | Gained mutation: You have supernaturally acute eyesight. [mutagenic meat]
  6106 | D:7      | Gained mutation: Your spells are a little easier to cast, but a little less powerful. [mutagenic meat]
  6132 | D:7      | Found Pamext's Weapon Shop.
  6539 | D:7      | Reached * piety under Okawaru
  6651 | D:7      | Identified a scroll of acquirement
  6698 | D:6      | Reached skill level 7 in Throwing
  7460 | D:7      | Gained mutation: You are robust (+10% HP). [evolution]
  7510 | D:8      | Found a bloodstained altar of Trog.
  7510 | D:8      | Noticed Prince Ribbit
  7579 | D:8      | Killed Prince Ribbit
  7579 | D:8      | Reached XP level 10. HP: 33/107 MP: 10/12
  8076 | D:8      | Found Nuten's Magic Scroll Shoppe.
  8094 | D:8      | Reached ** piety under Okawaru
  8096 | D:8      | Bought a scroll of brand weapon for 280 gold pieces
  8096 | D:8      | Bought a scroll of magic mapping for 49 gold pieces
  8096 | D:8      | Bought a scroll of enchant weapon for 105 gold pieces
  8100 | D:8      | Bought a scroll of identify for 28 gold pieces
  8122 | D:8      | Noticed Psyche
  8133 | D:8      | Killed Psyche
  8686 | D:9      | Reached skill level 5 in Shields
  8858 | D:9      | Reached skill level 5 in Invocations
  9160 | D:9      | Found a staircase to the Orcish Mines.
  9281 | D:9      | Reached *** piety under Okawaru
  9451 | D:10     | Entered Level 10 of the Dungeon
  9575 | D:9      | Reached skill level 8 in Throwing
  9701 | D:10     | Noticed Maud
  9712 | D:10     | Killed Maud
  9712 | D:10     | Reached **** piety under Okawaru
  9856 | D:10     | Reached XP level 11. HP: 72/117 MP: 13/13
  9894 | D:10     | Received a gift from Okawaru
 10949 | D:11     | Noticed a hill giant
 10982 | D:11     | Killed a hill giant
 11039 | D:11     | Noticed a hill giant
 11051 | D:11     | Killed a hill giant
 11214 | D:11     | Received a gift from Okawaru
 11348 | D:11     | Reached skill level 9 in Throwing
 11586 | D:11     | Noticed a five-headed hydra
 11596 | D:11     | Killed a five-headed hydra
 11596 | D:11     | Received a gift from Okawaru
 11603 | D:11     | Found a staircase to the Lair.
 11734 | D:11     | Received a gift from Okawaru
 11785 | D:11     | Noticed Josephine
 11802 | D:11     | Killed Josephine
 11813 | D:11     | Reached ***** piety under Okawaru
 11824 | D:11     | Noticed Harold
 11903 | D:11     | Killed Harold
 11903 | D:11     | Reached XP level 12. HP: 130/130 MP: 14/14
 12354 | D:11     | Noticed a six-headed hydra
 12357 | D:11     | Killed a six-headed hydra
 12407 | Lair:1   | Entered Level 1 of the Lair of Beasts
 12421 | Lair:1   | Found a frozen archway.
 12481 | Lair:1   | Received a gift from Okawaru
 12505 | IceCv    | Entered an ice cave
 12808 | IceCv    | Received a gift from Okawaru
 13115 | IceCv    | Received a gift from Okawaru
 13464 | IceCv    | Found an ancient bone altar of Kikubaaqudgha.
 13478 | IceCv    | Identified the Collected Works on Harmful Ice
 14036 | Lair:1   | Got a steaming robe
 14047 | Lair:1   | Identified the +1 robe of the Old World {-Cast Int+3} (You found it on level 1 of the Lair of Beasts)
 14277 | Lair:1   | Received a gift from Okawaru
 14285 | Lair:1   | Reached skill level 10 in Throwing
 14986 | Lair:2   | Received a gift from Okawaru
 15201 | Lair:2   | Reached XP level 13. HP: 124/144 MP: 15/15
 15234 | Lair:2   | Noticed Urug
 15242 | Lair:2   | Killed Urug
 15242 | Lair:2   | Received a gift from Okawaru
 15431 | Lair:2   | Got an ichor-stained long sword
 15432 | Lair:2   | Identified the +8 long sword "Kixueb" {flame, Str+2} (You found it on level 2 of the Lair of Beasts)
 15528 | Lair:2   | Found a blossoming altar of Fedhas.
 15854 | Lair:3   | Reached skill level 5 in Evocations
 15908 | Lair:2   | Gained mutation: You tend to lose your temper in combat. [evolution]
 15970 | Lair:3   | Found a staircase to the Swamp.
 16106 | Lair:3   | Received a gift from Okawaru
 16800 | Lair:4   | Received a gift from Okawaru
 17183 | Lair:4   | Reached skill level 10 in Maces & Flails
 17332 | Lair:4   | Received a gift from Okawaru
 17336 | Lair:4   | Got a brightly glowing morningstar {god gift}
 17337 | Lair:4   | Identified the +9 morningstar "Reonen" {freeze, Int+10} (Okawaru gifted it to you on level 4 of the Lair of Beasts)
 19709 | Lair:6   | Found a dark tunnel.
 19720 | Volcano  | Entered a volcano
 19733 | Volcano  | Reached skill level 11 in Maces & Flails
 20057 | Lair:6   | Reached XP level 14. HP: 136/155 MP: 17/17
 20260 | Lair:6   | Found a blossoming altar of Fedhas.
 20808 | Lair:7   | Received a gift from Okawaru
 21269 | Lair:7   | Received a gift from Okawaru
 21272 | Lair:7   | Got a creamy pearl robe {god gift}
 21290 | Lair:7   | Identified the +1 robe of Polytheism {+Inv Str+3 Stlth+} (Okawaru gifted it to you on level 7 of the Lair of Beasts)
 21648 | Lair:7   | Reached skill level 10 in Fighting
 21759 | Lair:8   | Entered Level 8 of the Lair of Beasts
 22132 | Lair:8   | Reached skill level 12 in Maces & Flails
 22319 | Lair:8   | Found a staircase to the Slime Pits.
 22360 | Lair:8   | Gained mutation: You are partially covered in rough black scales (AC +4, Dex -1). [evolution]
 22596 | Lair:8   | Reached ****** piety under Okawaru
 22734 | Lair:8   | Received a gift from Okawaru
 22978 | Lair:8   | Reached skill level 10 in Shields
 23302 | Lair:8   | Reached XP level 15. HP: 167/167 MP: 19/19
 23308 | Lair:8   | Received a gift from Okawaru
 23521 | Lair:8   | Received a gift from Okawaru
 23698 | Lair:2   | Gained mutation: You have a pair of small horns on your head. [evolution]
 23842 | Orc:1    | Entered Level 1 of the Orcish Mines
 23960 | Orc:1    | Reached skill level 13 in Maces & Flails
 24101 | Orc:1    | Found a roughly hewn altar of Beogh.
 24430 | Orc:2    | Noticed Gastronok
 24464 | Orc:2    | Killed Gastronok
 25670 | Orc:4    | Entered Level 4 of the Orcish Mines
 25919 | Orc:3    | Received a gift from Okawaru
 26448 | Orc:4    | Found Gasoaf's General Store.
 26448 | Orc:4    | Found Saucs's Antique Weapon Shop.
 26449 | Orc:4    | Found Tauva's Weapon Boutique.
 26485 | Orc:4    | Found Pamext's Food Boutique.
 26637 | Orc:4    | Bought a blackened morningstar for 198 gold pieces
 26638 | Orc:4    | Bought a potion of might for 56 gold pieces
 26638 | Orc:4    | Bought a scroll of recharging for 133 gold pieces
 26640 | Orc:4    | Identified the +8 morningstar "Waifieddu" {freeze, rN+ Str+3} (You bought it in a shop on level 4 of the Orcish Mines)
 26822 | Orc:4    | Bought a bread ration for 60 gold pieces
 26822 | Orc:4    | Bought a bread ration for 60 gold pieces
 26822 | Orc:4    | Bought a beef jerky for 18 gold pieces
 26822 | Orc:4    | Bought a bread ration for 60 gold pieces
 26822 | Orc:4    | Bought a beef jerky for 18 gold pieces
 26822 | Orc:4    | Bought a meat ration for 60 gold pieces
 26822 | Orc:4    | Bought a meat ration for 60 gold pieces
 26822 | Orc:4    | Bought a meat ration for 60 gold pieces
 26826 | Orc:4    | Bought a wand of digging (14) for 504 gold pieces
 26919 | Orc:4    | Found a staircase to the Elven Halls.
 28147 | D:13     | Found Rink's Gadget Boutique.
 28158 | D:13     | Received a gift from Okawaru
 28273 | D:13     | Bought a wand of teleportation (1) for 165 gold pieces
 28273 | D:13     | Bought a stone of tremors for 440 gold pieces
 28389 | D:13     | Received a gift from Okawaru
 28462 | D:13     | Noticed Kirke
 28480 | D:13     | Killed Kirke
 28753 | D:13     | Lost mutation: You have a pair of small horns on your head. [evolution]
 28886 | D:13     | Received a gift from Okawaru
 28892 | D:13     | Got a twisted lajatang {god gift}
 28893 | D:13     | Identified the +4 lajatang of Defiance {slice, +Inv rPois rF+} (Okawaru gifted it to you on level 13 of the Dungeon)
 29624 | D:14     | Found a gate to the Vaults.
 29631 | D:14     | Reached skill level 14 in Maces & Flails
 30403 | D:15     | Entered Level 15 of the Dungeon
 30441 | D:15     | Reached XP level 16. HP: 129/179 MP: 21/21
 30586 | D:15     | Found a burning altar of Makhleb.
 30598 | D:15     | Received a gift from Okawaru
 31026 | D:15     | Found a sacrificial altar of Ru.
 31631 | D:15     | Lost mutation: Your body sometimes deteriorates upon taking damage. [mutagenic meat]
 31993 | D:15     | Found a staircase to the Depths.
 32685 | Swamp:1  | Entered Level 1 of the Swamp
 32755 | Swamp:1  | Gained mutation: Your mind is acute. (Int +2) [mutagenic meat]
 32756 | Swamp:1  | Gained mutation: Armour fits poorly on your strangely shaped body. [mutagenic meat]
 32759 | Swamp:1  | Lost mutation: You are surrounded by a mild repulsion field (EV +2). [mutagenic meat]
 33564 | Lair:3   | Found a hole to the Spider Nest.
 34382 | Swamp:2  | Reached skill level 15 in Maces & Flails
 35028 | Swamp:3  | Received a gift from Okawaru
 35067 | Swamp:3  | Identified the Handbook of Bewitchment
 35459 | Swamp:3  | Noticed Donald
 35475 | Swamp:3  | Killed Donald
 35862 | Swamp:3  | Received a gift from Okawaru
 36186 | Swamp:4  | Entered Level 4 of the Swamp
 36364 | Swamp:4  | Reached skill level 1 in Armour
 36423 | Swamp:4  | Received a gift from Okawaru
 36428 | Swamp:4  | Reached XP level 17. HP: 112/189 MP: 23/23
 36701 | Swamp:4  | Received a gift from Okawaru
 37660 | Swamp:4  | Got a decaying rune of Zot
 37907 | Spider:1 | Entered Level 1 of the Spider Nest
 38465 | Spider:1 | Lost mutation: Your spells are a little easier to cast, but a little less powerful. [potion of mutation]
 38465 | Spider:1 | Gained mutation: You are weak. (Str -2) [potion of mutation]
 38465 | Spider:1 | Gained mutation: Your spells are a little harder to cast, but a little more powerful. [potion of mutation]
 38669 | Spider:1 | Reached skill level 10 in Evocations
 39147 | Spider:2 | Received a gift from Okawaru
 39280 | Spider:2 | Noticed Asterion
 39291 | Spider:2 | Killed Asterion
 39904 | Spider:2 | Gained mutation: Your spells are harder to cast, but more powerful. [evolution]
 39904 | Spider:2 | Lost mutation: You evolve. [end of evolution]
 40254 | Spider:3 | Received a gift from Okawaru
 40283 | Spider:3 | Noticed Louise
 40294 | Spider:3 | Killed Louise
 40912 | Spider:4 | Entered Level 4 of the Spider Nest
 41159 | Spider:4 | Received a gift from Okawaru
 41201 | Spider:4 | Got an encrusted shield {god gift}
 41202 | Spider:4 | Identified the +4 shield of Pigif {rPois MR- rCorr Dex+7} (Okawaru gifted it to you on level 4 of the Spider Nest)
 41783 | Spider:4 | Reached XP level 18. HP: 151/202 MP: 24/24
 41810 | Spider:4 | Reached skill level 5 in Armour
 41960 | Spider:4 | Reached skill level 16 in Maces & Flails
 42536 | Spider:4 | Learned a level 2 spell: Blink
 42540 | Spider:4 | Learned a level 2 spell: Repel Missiles
 42547 | Spider:4 | Got a gossamer rune of Zot
 43027 | Lair:1   | Learned a level 6 spell: Statue Form
 43205 | Elf:1    | Entered Level 1 of the Elven Halls
 44475 | Elf:1    | Identified Naqizine's Volume of Arcane Weapons (You found it on level 1 of the Elven Halls)
 44944 | Elf:2    | Noticed Gargoyl's ghost (adept SpEn)
 44980 | Elf:2    | Killed Gargoyl's ghost
 45405 | Elf:2    | Found a runed gate.
 45405 | Elf:2    | Found a runed gate.
 45405 | Elf:2    | Found a runed gate.
 45630 | Elf:2    | Noticed Norris
 45919 | Elf:2    | Killed Norris
 45982 | Elf:2    | Noticed Nikola
 46000 | Elf:2    | Killed Nikola
 46156 | Elf:2    | Received a gift from Okawaru
 46461 | Elf:2    | Found Daicanape's Food Shoppe.
 46513 | Elf:2    | Bought a slice of pizza for 19 gold pieces
 46513 | Elf:2    | Bought a meat ration for 65 gold pieces
 46513 | Elf:2    | Bought a bread ration for 65 gold pieces
 46513 | Elf:2    | Bought a slice of pizza for 19 gold pieces
 46513 | Elf:2    | Bought a fruit for 19 gold pieces
 46513 | Elf:2    | Bought a meat ration for 65 gold pieces
 46513 | Elf:2    | Bought a meat ration for 65 gold pieces
 46513 | Elf:2    | Bought a meat ration for 65 gold pieces
 46513 | Elf:2    | Bought a slice of pizza for 19 gold pieces
 46513 | Elf:2    | Bought a slice of pizza for 19 gold pieces
 46513 | Elf:2    | Bought a beef jerky for 19 gold pieces
 46583 | Elf:2    | Got a crystal flail {god gift}
 46591 | Elf:2    | Identified the +8 flail of Amorality {elec, rF+ rC+} (Okawaru gifted it to you on level 2 of the Elven Halls)
 47165 | Elf:3    | Entered Level 3 of the Elven Halls
 47462 | Elf:3    | Reached XP level 19. HP: 143/214 MP: 25/25
 47701 | Elf:3    | Gained mutation: You have large cloven feet. [potion of beneficial mutation]
 48034 | Elf:3    | Received a gift from Okawaru
 48037 | Elf:3    | Got a crystal morningstar {god gift}
 48044 | Elf:3    | Identified the +6 morningstar of Earthquakes {crush, +Blink} (Okawaru gifted it to you on level 3 of the Elven Halls)
 49612 | Elf:3    | Got a bone quarterstaff {elec}
 49622 | Elf:3    | Got a jewelled quarterstaff {crush}
 49696 | Elf:3    | Got a scintillating granite ring
 49726 | Elf:3    | Got a wizard robe
 49727 | Elf:3    | Identified the cursed +1 robe of Gebiynou {Int+3} (You took it off a deep elf demonologist on level 3 of the Elven Halls)
 49730 | Elf:3    | Identified the ring of Nopa {+Fly rF+ rN+ Str+3 Dex+2} (You took it off a deep elf demonologist on level 3 of the Elven Halls)
 49759 | Elf:3    | Received a gift from Okawaru
 49807 | Elf:3    | Identified the Volume of Conjuration and the Birds
 49973 | Elf:3    | Learned a level 2 spell: Sublimation of Blood
 49996 | Elf:3    | Identified the +9 quarterstaff "Emelouru" {elec, Int+7} (You took it off a deep elf sorcerer on level 3 of the Elven Halls)
 49997 | Elf:3    | Identified the +3 quarterstaff "Wetesan" {crush, -Tele rN+ MR+++} (You took it off a deep elf demonologist on level 3 of the Elven Halls)
 50015 | Elf:3    | Learned a level 6 spell: Death Channel
 50708 | Depths:1 | Entered Level 1 of the Depths
 51713 | Depths:1 | Found a gateway to Hell.
 51713 | Depths:1 | Found a one-way gate to the infinite horrors of the Abyss.
 51740 | Depths:1 | Reached skill level 17 in Maces & Flails
 51780 | Depths:1 | Found a gateway to a ziggurat.
 52141 | Depths:1 | Found a one-way gate leading to the halls of Pandemonium.
 52475 | Depths:2 | Received a gift from Okawaru
 52788 | Depths:2 | Found a glowing golden altar of the Shining One.
 52799 | Depths:2 | Found a snail-covered altar of Cheibriados.
 52833 | Depths:2 | Reached XP level 20. HP: 139/226 MP: 26/26
 53023 | Depths:2 | Found Hioptukya's Armour Emporium.
 53139 | Depths:2 | Lost mutation: Your spells are harder to cast, but more powerful. [a cacodemon]
 53140 | Depths:2 | Received a gift from Okawaru
 53323 | Depths:2 | Received a gift from Okawaru
 53371 | Depths:2 | Gained mutation: Your magical capacity is low (-10% MP). [mutagenic meat]
 53376 | Depths:2 | Lost mutation: Your magical capacity is low (-10% MP). [mutagenic meat]
 53377 | Depths:2 | Lost mutation: Your flesh is cold resistant. [mutagenic meat]
 53378 | Depths:2 | Gained mutation: You are mostly covered in rough black scales (AC +7, Dex -2). [mutagenic meat]
 53697 | Depths:2 | Received a gift from Okawaru
 54950 | Depths:3 | Received a gift from Okawaru
 55441 | Depths:3 | Reached skill level 1 in Spellcasting
 55737 | Depths:3 | Cast into the Abyss (centaur warrior)
 56284 | Abyss:1  | Lost mutation: You have large cloven feet. [mutagenic meat]
 56661 | Abyss:1  | Gained mutation: Your body sometimes deteriorates upon taking damage. [a neqoxec]
 56730 | Abyss:1  | Gained mutation: You are very weak. (Str -4) [a neqoxec]
 56898 | Depths:3 | Escaped the Abyss
 57582 | Depths:3 | Got a coiled ruby amulet
 57583 | Depths:3 | Noticed a caustic shrike
 57601 | Depths:3 | Killed a caustic shrike
 57617 | Depths:3 | Received a gift from Okawaru
 57625 | Depths:3 | Reached XP level 21. HP: 216/236 MP: 23/27
 57649 | Depths:3 | Noticed a golden dragon
 57925 | Depths:3 | Killed a golden dragon
 58302 | Depths:2 | Lost mutation: You are robust (+10% HP). [potion of cure mutation]
 58302 | Depths:2 | Lost mutation: Armour fits poorly on your strangely shaped body. [potion of cure mutation]
 58302 | Depths:2 | Lost mutation: Your spells are a little harder to cast, but a little more powerful. [potion of cure mutation]
 58302 | Depths:2 | Lost mutation: You are very weak. (Str -4) [potion of cure mutation]
 58302 | Depths:2 | Lost mutation: Your mind is acute. (Int +2) [potion of cure mutation]
 58310 | Depths:2 | Reached skill level 10 in Armour
 58345 | Depths:2 | Received a gift from Okawaru
 58392 | Depths:3 | Reached skill level 15 in Fighting
 58548 | Depths:2 | Identified the amulet of Daro {Stasis +Inv Str+2} (You took it off a deep elf high priest on level 3 of the Depths)
 58727 | Depths:3 | Received a gift from Okawaru
 58731 | Depths:3 | Got a faintly glowing flail {god gift}
 58733 | Depths:3 | Identified the +2 flail of the Wolf {crush, +Inv rF+ MP+9 Int+2} (Okawaru gifted it to you on level 3 of the Depths)
 58966 | Depths:2 | Got a shimmering flail {speed}
 58967 | Depths:2 | Identified the +5 flail of Amortisation {speed, rElec MR+ Dex-2} (You took it off a spriggan defender on level 2 of the Depths)
 59070 | Depths:3 | Noticed a golden dragon
 59079 | Depths:3 | Killed a golden dragon
 59093 | Depths:3 | Learned a level 3 spell: Portal Projectile
 59252 | Depths:3 | Noticed a golden dragon
 59271 | Depths:3 | Killed a golden dragon
 59288 | Depths:3 | Received a gift from Okawaru
 59635 | Depths:2 | Reached skill level 15 in Shields
 60380 | Depths:3 | Gained mutation: You are resistant to hostile enchantments. [potion of mutation]
 60554 | Depths:3 | Noticed a caustic shrike
 60555 | Depths:3 | Noticed a caustic shrike
 60948 | Depths:4 | Found Nuofuupt's Antique Armour Shop.
 60948 | Depths:4 | Found Achocker's General Store.
 60967 | Depths:4 | Noticed Xtahua
 60981 | Depths:5 | Entered Level 5 of the Depths
 60992 | Depths:4 | Found a flickering gateway to a bazaar.
 61002 | Bazaar   | Entered a bazaar
 61076 | Bazaar   | Found Vyschimepp's General Store.
 61113 | Bazaar   | Found Muocot's Gadget Boutique.
 61129 | Bazaar   | Found Wefaikeg's Magic Scroll Shoppe.
 61172 | Bazaar   | Found List's Antique Armour Shoppe.
 61177 | Bazaar   | Bought a distressingly furry cloak for 209 gold pieces
 61187 | Bazaar   | Identified the +1 cloak of Dileanem {rN++} (You bought it in a shop in a bazaar)
 61234 | Bazaar   | Found Utonyodae's Weapon Emporium.
 61264 | Bazaar   | Bought a wand of hasting (4) for 864 gold pieces
 61264 | Bazaar   | Bought a wand of heal wounds (8) for 1296 gold pieces
 61279 | Bazaar   | Bought a scroll of enchant armour for 60 gold pieces
 61279 | Bazaar   | Bought a scroll of recharging for 76 gold pieces
 61279 | Bazaar   | Bought 2 scrolls of identify for 32 gold pieces
 61279 | Bazaar   | Bought a scroll of magic mapping for 28 gold pieces
 61289 | Bazaar   | Bought a scroll of acquirement for 780 gold pieces
 61291 | Bazaar   | Got an ichor-stained cloak
 61302 | Bazaar   | Identified the +2 cloak of Fedhas's Pride {rElec MR+} (You acquired it in a bazaar)
 61650 | Depths:4 | Found Kaupni's Gadget Boutique.
 61675 | Depths:4 | Killed Xtahua
 62058 | Depths:3 | Killed a caustic shrike
 62058 | Depths:3 | Reached XP level 22. HP: 172/228 MP: 26/28
 62083 | Depths:3 | Lost mutation: You are weak. (Str -2) [mutagenic meat]
 62085 | Depths:3 | Gained mutation: Your muscles are strong. (Str +2) [mutagenic meat]
 62479 | Depths:4 | Gained mutation: You can translocate small distances at will. [mutagenic meat]
 62480 | Depths:4 | Gained mutation: Your flesh is heat resistant. [mutagenic meat]
 62483 | Depths:4 | Gained mutation: You are somewhat resistant to further mutation. [mutagenic meat]
 63058 | Depths:4 | Received a gift from Okawaru
 63155 | Depths:3 | Killed a caustic shrike
 63155 | Depths:3 | Reached skill level 5 in Spellcasting
 63494 | Depths:4 | Noticed a caustic shrike
 64269 | Depths:4 | Received a gift from Okawaru
 64748 | Depths:3 | Killed a caustic shrike
 64876 | Depths:4 | Got a jewelled quarterstaff
 64877 | Depths:4 | Identified the +8 quarterstaff of Bile {freeze, *Drain rPois MR+} (You found it on level 4 of the Depths)
 65169 | Depths:4 | Reached skill level 15 in Throwing
 65873 | Depths:5 | Reached skill level 1 in Translocations
 66012 | Depths:5 | Reached XP level 23. HP: 211/237 MP: 31/31
 66891 | Depths:5 | Received a gift from Okawaru
 67343 | Depths:5 | Gained mutation: Your body often deteriorates upon taking damage. [mutagenic meat]
 67350 | Depths:5 | Lost mutation: You tend to lose your temper in combat. [mutagenic meat]
 67355 | Depths:5 | Gained mutation: Your magical capacity is low (-10% MP). [mutagenic meat]
 67356 | Depths:5 | Lost mutation: Your magical capacity is low (-10% MP). [mutagenic meat]
 67357 | Depths:5 | Gained mutation: You have sharp toenails. [mutagenic meat]
 67359 | Depths:5 | Lost mutation: You are resistant to hostile enchantments. [mutagenic meat]
 67366 | Depths:5 | Lost mutation: You are partially covered in molten scales (AC +1). [mutagenic meat]
 67368 | Depths:5 | Gained mutation: You have a pair of small horns on your head. [mutagenic meat]
 67388 | Depths:5 | Lost mutation: Your muscles are strong. (Str +2) [mutagenic meat]
 67829 | Depths:5 | Found a gate to the Realm of Zot.
 68283 | Vaults:1 | Entered Level 1 of the Vaults
 68339 | Vaults:1 | Received a gift from Okawaru
 68916 | Vaults:1 | Received a gift from Okawaru
 69922 | Vaults:1 | Gained mutation: You are partially covered in icy blue scales (AC +1). [mutagenic meat]
 70248 | Vaults:2 | Received a gift from Okawaru
 70436 | Vaults:2 | Reached skill level 5 in Translocations
 70499 | Vaults:2 | Lost mutation: You have a pair of small horns on your head. [mutagenic meat]
 70842 | Vaults:2 | Reached XP level 24. HP: 176/250 MP: 31/31
 71070 | Vaults:2 | Found Piec's Gadget Emporium.
 71570 | Vaults:2 | Received a gift from Okawaru
 71678 | Vaults:2 | Noticed Wiglaf
 71686 | Vaults:2 | Killed Wiglaf
 71790 | Vaults:2 | Received a gift from Okawaru
 72140 | Vaults:2 | Received a gift from Okawaru
 72279 | Vaults:2 | Found a staircase to the Crypt.
 72491 | Vaults:3 | Found Cobbuno's Antique Weapon Emporium.
 72520 | Vaults:3 | Noticed Margery
 72644 | Vaults:2 | Received a gift from Okawaru
 72650 | Vaults:2 | Got a crude cloak {god gift}
 72661 | Vaults:2 | Identified the +2 cloak of Atyaciti {rElec MR+} (Okawaru gifted it to you on level 2 of the Vaults)
 72850 | Vaults:3 | Killed Margery
 73841 | Vaults:3 | Learned a level 2 spell: Cure Poison
 74031 | Vaults:3 | Found Senwiq's Food Shop.
 74793 | Vaults:4 | Received a gift from Okawaru
 75477 | Vaults:4 | Received a gift from Okawaru
 75504 | Vaults:4 | Reached skill level 1 in Earth Magic
 75510 | Vaults:4 | Reached skill level 1 in Transmutations
 76408 | Vaults:4 | Reached XP level 25. HP: 214/261 MP: 26/32
 76614 | Vaults:5 | Entered Level 5 of the Vaults
 76682 | Vaults:4 | Received a gift from Okawaru
 77337 | Vaults:5 | Noticed Charly's ghost (adept DDGl)
 77733 | Vaults:4 | Received a gift from Okawaru
 77838 | Vaults:4 | Got a fine animal skin {god gift}
 77839 | Vaults:4 | Identified the +3 animal skin of Grace {rC+} (Okawaru gifted it to you on level 4 of the Vaults)
 78026 | Vaults:5 | Reached skill level 5 in Earth Magic
 78734 | Vaults:5 | Reached skill level 5 in Transmutations
 79299 | Vaults:5 | Received a gift from Okawaru
 79614 | Vaults:5 | Learned a level 2 spell: Swiftness
 81090 | Vaults:4 | Reached XP level 26. HP: 228/270 MP: 28/35
 81585 | Vaults:5 | Killed Charly's ghost
 81662 | Vaults:5 | Got a twitching lapis lazuli ring
 81663 | Vaults:5 | Identified the ring of Vest {*Corrode Dex+3 Stlth+} (You found it on level 5 of the Vaults)
 81747 | Vaults:5 | Found Ruczikil's Armour Shoppe.
 81749 | Vaults:5 | Identified Easy Rites and Rhymes
 81850 | Vaults:5 | Got a transparent flail {crush}
 81851 | Vaults:5 | Identified the cursed +0 flail of the Turnip {crush, Str-2 Int+3 Dex+8} (You took it off a yaktaur captain on level 5 of the Vaults)
 81878 | Vaults:5 | Got a silver rune of Zot
 82344 | Vaults:5 | Identified the Grimoire of Lethal Weightlessness (You found it on level 5 of the Vaults)
 82442 | Vaults:5 | Learned a level 5 spell: Phase Shift
 83182 | Slime:1  | Entered Level 1 of the Pits of Slime
 83734 | Slime:2  | Received a gift from Okawaru
 84135 | Slime:6  | Entered Level 6 of the Pits of Slime
 84421 | Slime:6  | Reached skill level 10 in Earth Magic
 84487 | Slime:6  | Reached skill level 10 in Spellcasting
 84708 | Slime:6  | Noticed the royal jelly
 84814 | Slime:6  | Killed the royal jelly
 85235 | Slime:6  | Received a gift from Okawaru
 85333 | Slime:6  | Got a ripped robe {god gift}
 85334 | Slime:6  | Identified the +2 robe of Okawaru's Anger {MP+9 Int+3 Dex+4} (Okawaru gifted it to you on level 6 of the Pits of Slime)
 85340 | Slime:6  | Got a slimy rune of Zot
 85350 | Slime:6  | Got a slimy lapis lazuli ring
 85351 | Slime:6  | Identified the ring of Hitid {*Contam rC+ MR+ Str+5 Int+2} (You found it on level 6 of the Pits of Slime)
 85392 | Slime:6  | Got a warped ruby amulet
 85393 | Slime:6  | Identified the amulet "Wiakkial" {Gourm Dex+5} (You found it on level 6 of the Pits of Slime)
 85397 | Slime:6  | Got a wavering lead ring
 85398 | Slime:6  | Identified the ring of the Tempest {Fire -Tele +Fly rElec Str+5} (You found it on level 6 of the Pits of Slime)
 85431 | Slime:6  | Got an ancient trident
 85432 | Slime:6  | Identified the +10 trident "Sarcophage" {pierce, Int+4 Stlth-} (You found it on level 6 of the Pits of Slime)
 85470 | Slime:6  | Got a scorched copper ring
 85471 | Slime:6  | Identified the cursed ring "Massoaqe" {Int-2 Dex+3 Slay-4} (You found it on level 6 of the Pits of Slime)
 86277 | Crypt:1  | Entered Level 1 of the Crypt
 88097 | Crypt:3  | Entered Level 3 of the Crypt
 88164 | Crypt:3  | Reached XP level 27. HP: 234/278 MP: 36/36
 88920 | Crypt:3  | Noticed Saint Roka
 89488 | Crypt:3  | Found an ancient bone altar of Kikubaaqudgha.
 89503 | Crypt:3  | Noticed an ancient lich
 89516 | Crypt:3  | Killed an ancient lich
 89516 | Crypt:3  | Reached skill level 10 in Transmutations
 89740 | Crypt:3  | Learned a level 3 spell: Regeneration
 89892 | Crypt:3  | Received a gift from Okawaru
 89902 | Crypt:3  | Got a twisted flail {god gift}
 89903 | Crypt:3  | Identified the +0 flail "Lasub" {antimagic, +Rage} (Okawaru gifted it to you on level 3 of the Crypt)
 90010 | Crypt:3  | Killed Saint Roka
 90272 | Crypt:3  | Found a staircase to the Tomb.
 90949 | Zot:1    | Entered Level 1 of the Realm of Zot
 91624 | Zot:1    | Received a gift from Okawaru
 91807 | Zot:1    | Received a gift from Okawaru
 92286 | Zot:2    | Received a gift from Okawaru
 92665 | Zot:2    | Received a gift from Okawaru
 92668 | Zot:2    | Reached skill level 1 in Necromancy
 93628 | Zot:2    | Got a faintly glowing silver ring
 93629 | Zot:2    | Identified the ring "Wodanul" {+Blink rF- Int+3 Dex+2 Stlth+} (You acquired it on level 2 of the Realm of Zot)
 94041 | Zot:3    | Received a gift from Okawaru
 94053 | Zot:3    | Reached skill level 5 in Necromancy
 94554 | Zot:3    | Hired Uveol the deep elf conjurer for 530 gold.
 94570 | Zot:3    | Your ally Uveol died
 96537 | Zot:4    | Received a gift from Okawaru
 96540 | Zot:4    | Got a twisted cloak {god gift}
 96551 | Zot:4    | Identified the +0 cloak "Zizent" {rElec} (Okawaru gifted it to you on level 4 of the Realm of Zot)
 97255 | Zot:5    | Entered Level 5 of the Realm of Zot
 98127 | Zot:5    | Noticed an ancient lich
 98130 | Zot:5    | Noticed an orb of fire
 98140 | Zot:5    | Killed an ancient lich
 98140 | Zot:5    | Reached skill level 10 in Necromancy
 98180 | Zot:5    | Noticed an ancient lich
 98195 | Zot:5    | Killed an ancient lich
 98195 | Zot:5    | Received a gift from Okawaru
 98255 | Zot:5    | Noticed an ancient lich
 98270 | Zot:5    | Killed an ancient lich
 98310 | Zot:5    | Noticed an ancient lich
 98316 | Zot:5    | Killed an ancient lich
 98357 | Zot:5    | Learned a level 8 spell: Necromutation
 98360 | Zot:5    | Lost mutation: You have supernaturally acute eyesight. [an orb of fire]
 98373 | Zot:5    | Killed an orb of fire
 98460 | Zot:5    | Noticed an ancient lich
 98468 | Zot:5    | Killed an ancient lich
 98485 | Zot:5    | Noticed an ancient lich
 98498 | Zot:5    | Killed an ancient lich
 98789 | Zot:5    | Reached skill level 15 in Transmutations
 98911 | Zot:5    | Noticed an ancient lich
 98917 | Zot:5    | Killed an ancient lich
 99095 | Zot:5    | Noticed an orb of fire
 99166 | Zot:5    | Gained mutation: Your magical capacity is low (-10% MP). [an orb of fire]
 99182 | Zot:5    | Received a gift from Okawaru
 99211 | Zot:5    | Killed an orb of fire
 99713 | Zot:5    | Noticed an orb of fire
 99734 | Zot:5    | Killed an orb of fire
 99961 | Depths:2 | Fell from the grace of Okawaru
 99961 | Depths:2 | Became a worshipper of Cheibriados the Contemplative
100029 | Depths:1 | Voluntarily entered the Abyss.
100218 | Abyss:2  | Found a burning altar of Makhleb.
100265 | Abyss:2  | Found a corrupted altar of Lugonu.
100322 | Abyss:2  | Found a burning altar of Makhleb.
100379 | Abyss:2  | Reached * piety under Cheibriados
100622 | Abyss:2  | Got a distressingly furry pearl dragon armour
100624 | Abyss:2  | Identified the +3 pearl dragon armour of Makhleb's Benevolence {rN+ Int+4} (You found it on level 2 of the Abyss)
100685 | Abyss:2  | Reached ** piety under Cheibriados
101263 | Abyss:2  | Reached *** piety under Cheibriados
101651 | Abyss:2  | Reached **** piety under Cheibriados
101730 | Abyss:2  | Found a corrupted altar of Lugonu.
101809 | Abyss:2  | Gained mutation: You are frail (-10% HP). [a neqoxec]
101968 | Abyss:2  | Reached skill level 10 in Invocations
102172 | Abyss:2  | Paralysed by accursed screaming for 1 turns
102247 | Abyss:2  | Reached ***** piety under Cheibriados
102313 | Abyss:2  | Found a corrupted altar of Lugonu.
102771 | Depths:1 | Escaped the Abyss
102871 | Depths:1 | Voluntarily entered the Abyss.
102871 | Abyss:1  | Found a corrupted altar of Lugonu.
102885 | Abyss:1  | Paralysed by accursed screaming for 2 turns
102893 | Abyss:1  | Noticed an ancient lich
103111 | Abyss:1  | Paralysed by accursed screaming for 1 turns
103119 | Abyss:1  | Paralysed by accursed screaming for 1 turns
103611 | Abyss:2  | Lost mutation: You are frail (-10% HP). [potion of cure mutation]
103611 | Abyss:2  | Lost mutation: You can translocate small distances at will. [potion of cure mutation]
103611 | Abyss:2  | Lost mutation: Your magical capacity is low (-10% MP). [potion of cure mutation]
103611 | Abyss:2  | Lost mutation: Your body often deteriorates upon taking damage. [potion of cure mutation]
103725 | Abyss:2  | Paralysed by accursed screaming for 1 turns
103957 | Abyss:3  | Found a corrupted altar of Lugonu.
104035 | Abyss:3  | Reached ****** piety under Cheibriados
104193 | Abyss:3  | Found a corrupted altar of Lugonu.
104508 | Abyss:3  | Paralysed by accursed screaming for 1 turns
105119 | Abyss:4  | Found a bloodstained altar of Trog.
105632 | Abyss:4  | Found a corrupted altar of Lugonu.
105981 | Abyss:4  | Reached skill level 15 in Necromancy
106006 | Abyss:4  | Got a faintly glowing brass ring
106007 | Abyss:4  | Identified the ring "Vyvveosy" {rN++ Dex+3 Stlth-} (You found it on level 4 of the Abyss)
106672 | Abyss:4  | Was forgiven by Okawaru
106990 | Abyss:4  | Paralysed by accursed screaming for 1 turns
107068 | Abyss:5  | Entered Level 5 of the Abyss
107068 | Abyss:5  | Found a corrupted altar of Lugonu.
107077 | Abyss:5  | Identified the Catalogue of the Last Cities (You found it on level 5 of the Abyss)
107168 | Abyss:5  | Noticed an ancient lich
107181 | Abyss:5  | Killed an ancient lich
107777 | Abyss:5  | Paralysed by accursed screaming for 1 turns
107782 | Abyss:5  | Paralysed by accursed screaming for 1 turns
108109 | Abyss:5  | Paralysed by accursed screaming for 1 turns
108134 | Abyss:5  | Paralysed by accursed screaming for 1 turns
108158 | Abyss:5  | Reached skill level 18 in Transmutations
108294 | Abyss:5  | Found a basalt altar of Yredelemnul.
108360 | Abyss:5  | Got an abyssal rune of Zot
108446 | Depths:1 | Escaped the Abyss
108997 | Lair:1   | Learned a level 9 spell: Tornado
109625 | Tomb:1   | Entered Level 1 of the Tomb of the Ancients
112101 | Tomb:2   | Reached skill level 19 in Transmutations
113391 | Tomb:3   | Entered Level 3 of the Tomb of the Ancients
113936 | Tomb:2   | Got a twitching ivory ring
113938 | Tomb:2   | Identified the ring of Henotheism {rF+ Str+3 Int+3 SInv} (You took it off a guardian mummy on level 2 of the Tomb of the Ancients)
113979 | Tomb:2   | Reached skill level 20 in Transmutations
114832 | Tomb:3   | Got a faintly glowing shield
114843 | Tomb:3   | Identified the +3 shield of Space {rC- rN+ Int+3} (You found it on level 3 of the Tomb of the Ancients)
114905 | Tomb:3   | Got a polished whip
114906 | Tomb:3   | Identified the +6 whip "Qunlukk" {drain, rC+++ Str+7 Int-5} (You found it on level 3 of the Tomb of the Ancients)
114990 | Tomb:3   | Noticed Khufu
115346 | Tomb:2   | Killed Khufu
115409 | Tomb:3   | Noticed an ancient lich
115428 | Tomb:3   | Killed an ancient lich
115855 | Tomb:3   | Got a golden rune of Zot
118723 | Pan      | Entered Pandemonium
118723 | Pan      | Noticed Jioli the pandemonium lord
118729 | Pan      | Killed Jioli the pandemonium lord
118896 | Pan      | Found an exit through the horrors of the Abyss.
119864 | Pan      | Paralysed by a chaos spawn for 3 turns
120264 | Pan      | Found an exit through the horrors of the Abyss.
120433 | Pan      | Reached skill level 15 in Armour
121020 | Pan      | Noticed Charly's ghost (adept DDGl)
121118 | Pan      | Killed Charly's ghost
121555 | Pan      | Found an exit through the horrors of the Abyss.
121649 | Pan      | Noticed Huj Vial the pandemonium lord
121661 | Pan      | Killed Huj Vial the pandemonium lord
122327 | Pan      | Noticed Ylubbiud the pandemonium lord
122342 | Pan      | Killed Ylubbiud the pandemonium lord
122555 | Pan      | Got a bloodstained hat
122556 | Pan      | Identified the +1 hat of Xuucopub {rPois rF+ rC+ Str-2} (You acquired it in Pandemonium)
122718 | Pan      | Identified Sif Muna's Disquisition on the Snowflakes
122888 | Pan      | Found an exit through the horrors of the Abyss.
123220 | Pan      | Reached skill level 5 in Dodging
123712 | Pan      | Found an exit through the horrors of the Abyss.
123841 | Pan      | Noticed Idop the pandemonium lord
123863 | Pan      | Killed Idop the pandemonium lord
124282 | Pan      | Found an exit through the horrors of the Abyss.
124507 | Pan      | Found a runed door.
124513 | Pan      | Found a runed door.
124581 | Pan      | Found a runed door.
124591 | Pan      | Found a runed door.
124631 | Pan      | Noticed Qonisix the pandemonium lord
124640 | Pan      | Killed Qonisix the pandemonium lord
124647 | Pan      | Reached skill level 10 in Dodging
124762 | Pan      | Noticed Xuram the pandemonium lord
124766 | Pan      | Killed Xuram the pandemonium lord
124935 | Pan      | Found an exit through the horrors of the Abyss.
125238 | Pan      | Got a transparent lead ring
125239 | Pan      | Identified the ring "Gienkung" {rPois rC+ Str+3} (You took it off an infernal demonspawn in Pandemonium)
125775 | Pan      | Entered the realm of Lom Lobon.
125885 | Pan      | Found an exit through the horrors of the Abyss.
126805 | Pan      | Noticed Lom Lobon
126819 | Pan      | Killed Lom Lobon
126874 | Pan      | Got a magical rune of Zot
127331 | Pan      | Reached skill level 1 in Air Magic
127587 | Pan      | Found an exit through the horrors of the Abyss.
127903 | Pan      | Noticed Jootz the pandemonium lord
127919 | Pan      | Killed Jootz the pandemonium lord
128280 | Pan      | Reached skill level 5 in Air Magic
128502 | Pan      | Learned a level 5 spell: Aura of Abjuration
128716 | Pan      | Found an exit through the horrors of the Abyss.
129164 | Pan      | Noticed Ohywouh the pandemonium lord
129180 | Pan      | Killed Ohywouh the pandemonium lord
129256 | Pan      | Found an exit through the horrors of the Abyss.
129492 | Pan      | Found a gateway to a ziggurat.
129550 | Pan      | Got a scorched morningstar
129551 | Pan      | Identified the +9 morningstar of Ukhloeh {freeze, +Blink MR+++ Str-5 Int-3} (You found it in Pandemonium)
129707 | Pan      | Noticed Zopsouwk the pandemonium lord
129717 | Pan      | Killed Zopsouwk the pandemonium lord
130039 | Zig:1    | Entered Level 1 of a ziggurat
130067 | Zig:2    | Entered Level 2 of a ziggurat
130094 | Zig:2    | Identified the Compendium of Confrontation and Aid
130102 | Zig:3    | Entered Level 3 of a ziggurat
130281 | Zig:4    | Entered Level 4 of a ziggurat
130336 | Zig:5    | Entered Level 5 of a ziggurat
130352 | Zig:5    | Reached skill level 10 in Air Magic
130393 | Zig:5    | Got a fine cloak
130404 | Zig:5    | Identified the +0 cloak "Babarch" {-Tele rElec rCorr Slay+5} (You acquired it on level 5 of a ziggurat)
130419 | Zig:5    | Got a scintillating glass ring
130428 | Zig:5    | Identified the cursed ring of Juten {*Contam rElec rN++ Str-5 Int+4} (You found it on level 5 of a ziggurat)
130431 | Zig:6    | Entered Level 6 of a ziggurat
130506 | Zig:7    | Entered Level 7 of a ziggurat
130599 | Zig:8    | Entered Level 8 of a ziggurat
130623 | Zig:8    | Got a fine ring mail
130630 | Zig:8    | Identified the Reference Book on Black Rites
130799 | Zig:9    | Entered Level 9 of a ziggurat
130985 | Zig:9    | Identified the Collected Works on Contamination and Evil
130992 | Zig:10   | Entered Level 10 of a ziggurat
131183 | Zig:10   | Identified the Disquisition on Sinister Rituals
131221 | Zig:11   | Entered Level 11 of a ziggurat
131301 | Zig:11   | Got a flickering copper ring
131302 | Zig:11   | Identified the ring "Sinor" {-Tele +Fly rF+ SInv} (You found it on level 11 of a ziggurat)
131422 | Zig:12   | Entered Level 12 of a ziggurat
131570 | Zig:12   | Got an iridescent battleaxe
131571 | Zig:12   | Identified the +7 battleaxe "Rony" {flame, rElec} (You found it on level 12 of a ziggurat)
131917 | Pan      | Took an exit into the Abyss.
131917 | Abyss:1  | Escaped into the Abyss
131966 | Depths:1 | Escaped the Abyss
132195 | Lair:1   | Learned a level 8 spell: Controlled Blink
132411 | Pan      | Entered Pandemonium
132498 | Pan      | Reached skill level 10 in Translocations
133004 | Pan      | Found an exit through the horrors of the Abyss.
133669 | Pan      | Noticed Osegovul the pandemonium lord
133684 | Pan      | Killed Osegovul the pandemonium lord
133789 | Pan      | Found an exit through the horrors of the Abyss.
134321 | Pan      | Found a runed door.
134757 | Pan      | Noticed Oteufar the pandemonium lord
134771 | Pan      | Killed Oteufar the pandemonium lord
135085 | Pan      | Noticed Ytuupis the pandemonium lord
135108 | Pan      | Killed Ytuupis the pandemonium lord
135624 | Pan      | Found an exit through the horrors of the Abyss.
136101 | Pan      | Found an exit through the horrors of the Abyss.
136238 | Pan      | Reached skill level 15 in Translocations
136370 | Pan      | Noticed Cuzymn the pandemonium lord
136410 | Pan      | Killed Cuzymn the pandemonium lord
136575 | Pan      | Entered the realm of Mnoleg.
136632 | Pan      | Noticed Ignacio
136658 | Pan      | Killed Ignacio
136758 | Pan      | Found an exit through the horrors of the Abyss.
136823 | Pan      | Gained mutation: Your spells are a little easier to cast, but a little less powerful. [a cacodemon]
137069 | Pan      | Lost mutation: You are mostly covered in rough black scales (AC +7, Dex -2). [potion of cure mutation]
137069 | Pan      | Lost mutation: Your flesh is heat resistant. [potion of cure mutation]
137069 | Pan      | Lost mutation: You are somewhat resistant to further mutation. [potion of cure mutation]
137069 | Pan      | Lost mutation: You have sharp toenails. [potion of cure mutation]
137070 | Pan      | Lost mutation: Your body sometimes deteriorates upon taking damage. [potion of cure mutation]
137070 | Pan      | Lost mutation: Your spells are a little easier to cast, but a little less powerful. [potion of cure mutation]
137070 | Pan      | Lost mutation: You are partially covered in icy blue scales (AC +1). [potion of cure mutation]
137070 | Pan      | Lost mutation: You are partially covered in rough black scales (AC +4, Dex -1). [potion of cure mutation]
137071 | Pan      | Gained mutation: You are partially covered in rugged brown scales (AC +1, +3% HP). [potion of beneficial mutation]
137137 | Pan      | Noticed Mnoleg
137156 | Pan      | Killed Mnoleg
137198 | Pan      | Got a glowing rune of Zot
138070 | Pan      | Noticed Laheg the pandemonium lord
138086 | Pan      | Killed Laheg the pandemonium lord
138106 | Pan      | HP: 14/283 [purple draconian scorcher/fireball[a torturous corrupter] (2)]
138106 | Pan      | Slain by a reaper

Action                   |  1- 3 |  4- 6 |  7- 9 | 10-12 | 13-15 | 16-18 | 19-21 | 22-24 | 25-27 || total
-------------------------+-------+-------+-------+-------+-------+-------+-------+-------+-------++-------
Melee: Unarmed           |   110 |   260 |    84 |       |       |       |       |       |       ||   454
       Flail             |       |       |   622 |  1141 |   340 |       |       |       |       ||  2103
       Whip              |       |       |       |   173 |       |       |       |       |       ||   173
       Morningstar       |       |       |       |       |  1644 |  2199 |  1781 |  2528 | 12553 || 20705
       Staff             |       |       |       |       |       |       |       |       |     8 ||     8
Throw: Large rock        |     3 |    12 |    15 |   130 |    43 |    53 |   368 |   115 |   710 ||  1449
       Javelin           |       |       |    14 |     4 |    19 |    26 |       |       |       ||    63
       Throwing net      |       |       |     9 |     1 |       |     7 |    12 |       |     1 ||    30
 Cast: Portal Projectile |       |       |       |       |       |       |       |    18 |   113 ||   131
       Blink             |       |       |       |       |       |       |       |       |    49 ||    49
       Statue Form       |       |       |       |       |       |       |       |       |    17 ||    17
       Phase Shift       |       |       |       |       |       |       |       |       |     5 ||     5
       Repel Missiles    |       |       |       |       |       |       |       |       |    24 ||    24
       Necromutation     |       |       |       |       |       |       |       |       |   485 ||   485
Invok: Heroism           |       |       |     1 |    15 |    11 |    12 |    13 |     8 |    17 ||    77
       Finesse           |       |       |       |       |     2 |       |     3 |       |     8 ||    13
       Slouch            |       |       |       |       |       |       |       |       |    16 ||    16
       Temporal Distorti |       |       |       |       |       |       |       |       |    11 ||    11
       Step From Time    |       |       |       |       |       |       |       |       |     6 ||     6
 Abil: Evoke Flight      |       |       |       |       |       |       |     2 |       |     3 ||     5
       Blink             |       |       |       |       |       |       |       |     4 |     9 ||    13
       End Transformatio |       |       |       |       |       |       |       |       |    22 ||    22
Evoke: Wand              |       |     4 |    21 |    21 |     7 |     5 |    10 |    17 |    44 ||   129
       Fan of gales      |       |       |       |       |       |       |     2 |     2 |    11 ||    15
       Sack of spiders   |       |       |       |       |       |       |     1 |       |     2 ||     3
       Disc of storms    |       |       |       |       |       |       |       |       |    40 ||    40
       Phial of floods   |       |       |       |       |       |       |       |       |     3 ||     3
       Deck              |       |       |       |       |       |       |       |       |     2 ||     2
  Use: Potion            |       |     8 |    12 |       |    11 |    11 |     4 |     1 |    32 ||    79
       Scroll            |       |     7 |    13 |     9 |    27 |    17 |    22 |     9 |    87 ||   191
 Stab: Sleeping          |       |     4 |     2 |       |     6 |       |       |       |       ||    12
       Held in net/web   |       |       |     1 |       |       |     2 |     1 |       |       ||     4
       Confused          |       |       |       |     1 |       |       |       |       |     1 ||     2
       Distracted        |       |       |       |       |     1 |       |     1 |     1 |    10 ||    13
       Paralysed         |       |       |       |       |       |       |       |       |     1 ||     1
  Eat: Chunk             |    12 |    19 |    53 |    72 |   148 |   134 |   137 |   201 |   218 ||   994
       Royal jelly       |       |       |     1 |     1 |     1 |     1 |       |       |     1 ||     5
       Beef jerky        |       |       |       |     3 |       |    14 |       |     1 |     3 ||    21
       Pizza             |       |       |       |       |       |     6 |     1 |       |       ||     7
       Fruit             |       |       |       |       |       |     3 |       |       |     1 ||     4
       Meat ration       |       |       |       |       |       |     2 |     1 |       |    37 ||    40
       Bread ration      |       |       |       |       |       |       |       |       |     4 ||     4
